 Dungeon Crawl Stone Soup version 0.25-a0-517-gf8b3a32422 (webtiles) character file.

Game seed: 6828129900767576318, levelgen mode: deterministic

57 drasked the Caller (level 3, -1/19 HPs)
             Began as a Deep Elf Summoner on Feb 17, 2020.
             Killed by divine providence
             ... invoked by an orc priest
              (15 damage)
             ... on level 3 of the Dungeon.
             The game lasted 00:09:10 (2161 turns).

drasked the Caller (Deep Elf Summoner)              Turns: 2161, Time: 00:09:10

Health: -1/19      AC:  3    Str:  5    XL:     3   Next: 73%
Magic:  5/9        EV: 13    Int: 20    God:
Gold:   63         SH:  0    Dex: 15    Spells: 4/8 levels left

rFire    + . .     SeeInvis .   l - +0 trident
rCold    . . .     Gourm    .   (no shield)
rNeg     . . .     Faith    .   a - +0 robe
rPois    .         Spirit   .   (no helmet)
rElec    .         Reflect  .   (no cloak)
rCorr    .         Harm     .   (no gloves)
MR       .....                  d - +0 pair of boots
Stlth    ++........             (no amulet)
HPRegen  0.06/turn              F - ring of protection from fire {rF+, !d}
MPRegen  0.11/turn              (no ring)

@: no status effects
A: no striking features
a: no special abilities


You were on level 3 of the Dungeon.
You were very hungry.

You visited 1 branch of the dungeon, and saw 3 of its levels.

You collected 63 gold pieces.

Inventory:

Hand Weapons
 l - a +0 trident (weapon)
   (You found it on level 2 of the Dungeon)
Armour
 a - a +0 robe (worn)
 d - a +0 pair of boots (worn)
   (You found it on level 1 of the Dungeon)
Jewellery
 F - a ring of protection from fire (left hand) {rF+, !d}
   (You found it on level 2 of the Dungeon)
Scrolls
 b - a scroll of blinking {unknown}
 f - a scroll of fear {unknown}
 g - 2 scrolls of teleportation {unknown}
 h - a scroll of immolation {unknown}
 j - a scroll of amnesia {unknown}
 k - a scroll of identify {unknown}
Potions
 i - 2 potions of curing {unknown}
Comestibles
 e - 6 rations


   Skills:
 - Level 2.4 Dodging
 - Level 2.4 Stealth
 - Level 3.0 Spellcasting
 + Level 6.0 Summonings


You had 4 spell levels left.
You knew the following spells:

 Your Spells              Type           Power        Failure   Level  Hunger
a - Summon Small Mammal   Summ           ####         1%          1    None
c - Call Canine Familiar  Summ           ####....     3%          3    ###....

Your spell library contained the following spells:

 Spells                   Type           Power        Failure   Level  Hunger
 Call Imp                 Summ           ####....     1%          2    ##.....
 Summon Guardian Golem    Hex/Summ       ###.....     12%         3    ###....
 Summon Ice Beast         Ice/Summ       ###.....     38%         4    ####...
 Summon Lightning Spire   Summ/Air       ###.....     38%         4    ####...


Dungeon Overview and Level Annotations

Branches:
Dungeon (3/15)

Altars:
Uskayaw


Message History

You see here a rat skeleton.
Eating a chunk of flesh {@w0}.
You eat the chunk of flesh {@w0}.
You swap places.
Found an escape hatch in the ceiling.
You now have 55 gold pieces (gained 10).
There is an escape hatch in the ceiling here.
An ooze comes into view.
An ooze is nearby!
An ooze is nearby!
What are your orders? t - Shout!
Orders for allies: a - Attack new target. r - Retreat! s - Stop attacking. g - Guard the area. f - Follow me.
Anything else - Cancel.
Gang up on whom?
Aim: an ooze (resting) Attack!
The ooze hits your hound.
The ooze dies!
Your Summonings skill increases to level 6!
k - a scroll labeled USAQYA CAPRU
Found a stone staircase leading down.
A giant cockroach comes into view.
A giant cockroach is nearby!
What are your orders? t - Shout!
Orders for allies: a - Attack new target. r - Retreat! s - Stop attacking. g - Guard the area. f - Follow me.
Anything else - Cancel.
Gang up on whom?
Aim: a giant cockroach (resting) Attack!
The giant cockroach dies!
Your hound disappears in a puff of smoke!
There is a stone staircase leading down here.
You see here a robe.
You see here a plate armour.
You open the door.
There is an open door here.
You open the door.
A kobold comes into view. It is wielding a +0 whip.
The kobold dies!
There is an open door here.
You swap places.
You start resting.
You see here a +0 whip.
You now have 63 gold pieces (gained 8).
Your hound disappears in a puff of smoke!
You open the door.
There is an open door here.
You open the door.
There is an open door here.
Found a stone staircase leading up.
You are feeling hungry.
You open the door.
There is an open door here.
There is an open door here.
Done exploring.
Done exploring.
Done exploring.
You open the door.
There is an open door here.
There is a stone staircase leading down here.
Search for what [? for help]? weapons Can't find anything matching that.
Search for what [Enter for "weapons", or ? for help]? weap You are feeling very hungry.
You see here a trident.
l - a trident
l - a +0 trident (weapon)
Okay, then.
Drop what? 13/52 slots (_ for help) (? for menu, Esc to quit)
You drop a +0 club.
Q - a ring of protection from fire (left hand)
F - a ring of protection from fire (left hand)
You see here a robe.
There is a stone staircase leading down here.
Unknown command.
You climb downwards.
A bat, a rat, 2 orcs and an orc priest come into view.
There is a stone staircase leading up here.
The orc shouts!
You hear a shout!
A giant cockroach comes into view.
The orc throws a boomerang.
The boomerang hits you.
The weapon returns to the orc!
The rat bites you but does no damage.
The orc priest shouts!
You hear a shout!
The bat closely misses you.
The orc throws a boomerang.
The boomerang closely misses you.
The weapon returns to the orc!
The rat bites you. The bat closely misses you.
The bat dies!
The orc priest miscasts a cantrip.
The rat barely misses you.
The rat dies!
The orc priest mumbles some strange prayers to Beogh against you.
Beogh smites you!
Ouch! That really hurt!
You die...

.# # ##.##
#.#...# #.#...#
#.#...####
#........##
#####..r.......
..os..o@.....#
......†h..####
###.o##...# #o
#...# # #####


You could see an orc priest, an orc wizard, 2 orcs, a giant cockroach, a
friendly hound and a friendly quokka.

Levels and vault maps discovered:
D:1:      wander_arrival_estate, layout_basic
D:2:      layout_basic, eat_drink_and_be_merry_uskayaw
D:3:      layout_loops_ring, kiku_gazebo_pond_becter

Notes
Turn   | Place    | Note
-------+----------+-------------------------------------------
     0 | D:1      | drasked the Deep Elf Summoner began the quest for the Orb.
     0 | D:1      | Reached XP level 1. HP: 10/10 MP: 6/6
    93 | D:1      | Identified a +0 club
   162 | D:1      | Identified a +0 dagger
   228 | D:1      | Identified a +0 dagger
   266 | D:1      | Identified a +0 club
   279 | D:1      | Reached XP level 2. HP: 14/15 MP: 4/8
   395 | D:1      | Reached skill level 5 in Summonings
   407 | D:1      | Identified a +0 club
   415 | D:1      | Identified a +0 club
   766 | D:1      | Identified a +0 club
   851 | D:1      | Identified a +0 short sword
   943 | D:1      | Identified a +0 pair of boots (You found it on level 1 of
                  | the Dungeon)
  1021 | D:2      | Identified a +0 club
  1078 | D:2      | Found a hide-covered altar of Uskayaw.
  1095 | D:2      | Reached XP level 3. HP: 19/19 MP: 6/9
  1100 | D:2      | Learned a level 3 spell: Call Canine Familiar
  1308 | D:2      | Identified a +0 club
  1597 | D:2      | Identified a +0 club
  1685 | D:2      | Reached skill level 6 in Summonings
  1839 | D:2      | Identified a +0 whip
  2126 | D:2      | Identified a +0 trident (You found it on level 2 of the
                  | Dungeon)
  2129 | D:2      | Identified a ring of protection from fire (You found it on
                  | level 2 of the Dungeon)
  2157 | D:3      | Identified a +0 dagger
  2157 | D:3      | Identified a +0 flail
  2157 | D:3      | Identified a +0 club
  2161 | D:3      | Identified a +0 dagger
  2161 | D:3      | Identified a +0 robe
  2161 | D:3      | Killed from afar by an orc priest

Table legend:
 A = Turns spent in this place as a percentage of turns spent in the entire game.
 B = Non-inter-level travel turns spent in this place as a percentage of non-inter-level travel turns spent in the entire game.
 C = Inter-level travel turns spent in this place as a percentage of turns spent in this place.
 D = Turns resting spent in this place as a percentage of non-inter-level travel turns spent in this place.
 E = Turns spent auto-exploring this place as a percentage of non-inter-level travel turns spent in this place.
 F = Non-inter-level travel turns spent in this place divided by the number of levels of this place that you've seen.
                   A       B       C       D       E      F
               +-------+-------+-------+-------+-------+----------------------
         Total | 100.0 | 100.0 |   5.5 |  24.8 |  39.7 | 681.0
       Dungeon | 100.0 | 100.0 |   5.5 |  24.8 |  39.7 | 681.0
               +-------+-------+-------+-------+-------+----------------------

Table legend:
 A = Kills in this place as a percentage of kills in entire the game.
 B = Kills by you in this place as a percentage of kills by you in the entire game.
 C = Kills by friends in this place as a percentage of kills by friends in the entire game.
 D = Other kills in this place as a percentage of other kills in the entire game.
 E = Experience gained in this place as a percentage of experience gained in the entire game.
 F = Experience gained in this place divided by the number of levels of this place that you have seen.
                   A       B       C       D       E      F
               +-------+-------+-------+-------+-------+----------------------
         Total | 100.0 | 100.0 | 100.0 |   N/A | 100.0 |  27.3
       Dungeon | 100.0 | 100.0 | 100.0 |   N/A | 100.0 |  27.3
               +-------+-------+-------+-------+-------+----------------------

Skill      XL: |  1  2  3 |
---------------+----------+-----
Summonings     | 5 6 |  6.0
Dodging        | |  2.4
Stealth        | |  2.4
Spellcasting   | |  3.0

Action                   || total
-------------------------++-------
Melee: Club              ||    11
 Cast: Summon Small Mamm ||    54
       Call Canine Famil ||     6
  Eat: Chunk             ||     3
Armor: Robe              ||     7
Dodge: Dodged            ||    35

Vanquished Creatures
  A bat (D:2)
1 creature vanquished.

Vanquished Creatures (collateral kills)
  3 adders (D:2)
  3 oozes
  A worm (D:2)
  7 giant cockroaches
  2 goblins
  7 hobgoblins
  4 jackals (D:1)
  6 bats
  3 frilled lizards (D:1)
  7 kobolds
  8 rats
51 creatures vanquished.

Grand Total: 52 creatures vanquished
